 Dungeon Crawl Stone Soup version 0.28.0-53-g5a82cb258f (webtiles) character file.

Game seed: 11622405377919534315

4 firemarshallily the Arsonist (level 1, 0/13 HPs)
             Began as a Gnoll Wanderer on July 28, 2022.
             Killed from afar by a dart slug (1 damage)
             ... with a slug dart
             ... on level 1 of the Dungeon.
             The game lasted 00:01:02 (148 turns).

firemarshallily the Arsonist (Gnoll Wanderer)        Turns: 148, Time: 00:01:03

Health: 0/13       AC:  3    Str:  9    XL:     1   Next: 70%
Magic:  4/4        EV: 13    Int: 12    God:
Gold:   14         SH:  0    Dex: 18    Spells: 4/5 levels left

rFire   . . .      SeeInvis .   a - +0 quarterstaff
rCold   . . .      Faith    .   (shield currently unavailable)
rNeg    . . .      Spirit   .   c - +0 robe
rPois   .          Reflect  .   d - +0 helmet
rElec   .          Harm     .   (no cloak)
rCorr   .          Rampage  .   (no gloves)
Will    .....                   (no boots)
Stlth   ++........              (no amulet)
HPRegen 0.04/turn               e - +6 ring of dexterity
MPRegen 0.09/turn               (no ring)

@: no status effects
A: fangs 1, strong nose, distributed training
a: no special abilities


You were on level 1 of the Dungeon.
You visited 1 branch of the dungeon, and saw 1 of its levels.

You collected 14 gold pieces.

Inventory:

Hand Weapons
 a - a +0 quarterstaff (weapon)
Armour
 c - a +0 robe (worn)
 d - a +0 helmet (worn)
Jewellery
 e - a +6 ring of dexterity (left hand)
Wands
 b - a wand of polymorph (7)


   Skills:
 + Level 0.1 Fighting
 + Level 0.1 Short Blades
 + Level 0.1 Long Blades
 + Level 0.1 Axes
 + Level 0.1 Maces & Flails
 + Level 0.1 Polearms
 + Level 2.4 Staves
 + Level 0.1 Slings
 + Level 0.1 Bows
 + Level 0.1 Crossbows
 + Level 0.1 Throwing
 + Level 0.1 Armour
 + Level 2.4 Dodging
 + Level 2.2 Stealth
 + Level 0.1 Shields
 + Level 0.1 Unarmed Combat
 + Level 2.6 Spellcasting
 + Level 0.1 Conjurations
 + Level 0.1 Hexes
 + Level 0.1 Summonings
 + Level 0.1 Necromancy
 + Level 0.1 Translocations
 + Level 0.1 Transmutations
 + Level 8.7 Fire Magic
 + Level 0.1 Ice Magic
 + Level 0.1 Air Magic
 + Level 0.1 Earth Magic
 + Level 0.1 Poison Magic
 + Level 0.2 Invocations
 + Level 2.4 Evocations


You had 4 spell levels left.
You knew the following spells:

 Your Spells              Type           Power      Damage    Failure   Level
a - Foxfire               Conj/Fire      48%        2x1d6     4%          1

Your spell library contained the following spells:

 Spells                   Type           Power      Damage    Failure   Level
 Ignite Poison            Fire/Tmut/Pois 8%         N/A       22%         3
 Sticky Flame             Conj/Fire      12%        2d4       38%         4


Dungeon Overview and Level Annotations

Branches:
Dungeon (1/15)

Altars:


Innate Abilities, Weirdness & Mutations

You have very sharp teeth.
Your uncanny sense of smell can sniff out nearby items.
Your experience applies equally to all skills.


Message History

You kill the goblin!
You see here a +0 helmet.
d - a +0 helmet Your foxfire dissipates!
You start putting on your armour.
You continue putting on your +0 helmet. x4
You finish putting on your +0 helmet.
Things that are here:
a +0 dagger; a goblin corpse
Found a ring mail.
Found a bone ring.
e - a +6 ring of dexterity You feel agile.
e - a +6 ring of dexterity (left hand)
You now have 14 gold pieces.
A rat comes into view.
You hit the rat but do no damage. The rat barely misses you.
You hit the rat.
You kill the rat!
You see here a rat corpse.
A dart slug comes into view.
The dart slug launches a dart at you. The slug dart hits you.
The dart slug launches a dart at you. The slug dart hits you.
* * * LOW HITPOINT WARNING * * *
You hit the dart slug.
The dart slug is heavily wounded.
The dart slug bites you but does no damage.
You hit the dart slug but do no damage.
The dart slug is heavily wounded.
The dart slug bites you.
* * * LOW HITPOINT WARNING * * *
You hit the dart slug.
The dart slug is almost dead.
The dart slug closely misses you.
You hit the dart slug.
The dart slug is almost dead.
The dart slug launches a dart at you. The slug dart hits you.
You die...

....##....###
#.#
###.#.#.#...#
###.#
............
#...#
###.#.#.#..
#.###
#.##...# #.#
###.###.# #.#
#.......# #.#
#.#.#...# #.#
#.###...##
#@# # ##†..##
#...w# ##...#
#..### #
#...###.. #≈
##...### #≈≈
#...##
#≈≈≈##...#
#≈≈≈≈'...+
#≈≈≈##...#


You could see a dart slug.

Vanquished Creatures
  A bat (D:1)
  A goblin (D:1)
  A frilled lizard (D:1)
  2 rats (D:1)
5 creatures vanquished.

Vanquished Creatures (others)
  5 foxfires (D:1)
5 creatures vanquished.

Grand Total: 10 creatures vanquished

Notes
Turn   | Place    | Note
-------+----------+-------------------------------------------
     0 | D:1      | firemarshallily the Gnoll Wanderer began the quest for the
                  | Orb.
     0 | D:1      | firemarshallily set off with the following items: a +0
                  | quarterstaff, a wand of polymorph (7), a +0 robe; and the
                  | following spell memorised: Foxfire; and the following
                  | spells available to memorise: Ignite Poison, Sticky Flame
     0 | D:1      | Reached XP level 1. HP: 13/13 MP: 4/4
   148 | D:1      | Killed from afar by a dart slug

Illustrated notes

Levels and vault maps discovered:
D:1:      evilmike_arrival_crescent, layout_loops_ring, minmay_indecisive_spiral

Action                   || total
-------------------------++-------
Melee: Quarterstaff      ||     6
 Cast: Foxfire           ||     4
Armor: Robe              ||     1
Dodge: Dodged            ||     2
